 Dungeon Crawl Stone Soup version 0.26-a0-639-g72c4674329 (webtiles) character file.

Game seed: 13956994669243313307

308097 Flugslaktarn the Severer (level 19, -4/195 HPs)
             Began as a Deep Dwarf Fighter on Sept 27, 2020.
             Was the Champion of Makhleb.
             Killed from afar by an ancient lich (52 damage)
             ... with a bolt of lightning
             ... on level 5 of the Realm of Zot.
             The game lasted 00:19:32 (20185 turns).

Flugslaktarn the Severer (Deep Dwarf Fighter)      Turns: 20185, Time: 00:19:33

Health: -4/195     AC: 37    Str: 24    XL:     19   Next: 95%
Magic:  8/19       EV: 14    Int: 10    God:    Makhleb [******]
Gold:   1057       SH: 19    Dex: 14    Spells: 18/18 levels left

rFire    + + .     SeeInvis .   D - +9 war axe (freeze)
rCold    + . .     Faith    .   c - +0 kite shield
rNeg     + + .     Spirit   .   N - +0 gold dragon scales
rPois    +         Reflect  +   g - +2 helmet
rElec    .         Harm     .   I - +0 cloak
rCorr    .         Rampage  .   y - +2 pair of gloves
MR       ++...                  U - +2 pair of boots {Stlth+}
Stlth    ..........             i - amulet "Aquequfu" {Reflect rF+ rN+ Dex+3 SH+5}
HPRegen  0.00/turn              j - +4 ring of evasion
MPRegen  0.16/turn              p - +4 ring of protection

@: non-regenerating
A: damage resistance, heal wounds, clumsy 1, negative energy resistance 1, sense
surroundings 3, weak 1, subdued magic 1, no regeneration
}: 3/15 runes: decaying, abyssal, gossamer
a: Heal Wounds, Minor Destruction, Lesser Servant of Makhleb, Major Destruction,
Greater Servant of Makhleb, Renounce Religion


You were on level 5 of the Realm of Zot.
You worshipped Makhleb.
Makhleb was exalted by your worship.
You visited 7 branches of the dungeon, and saw 38 of its levels.
You visited the Abyss 1 time.
You also visited: Ossuary, Bailey and Gauntlet.

You collected 2330 gold pieces.
You spent 1273 gold pieces at shops.

Inventory:

Hand Weapons
 D - a +9 war axe of freezing (weapon)
   (You bought it in a shop on level 9 of the Dungeon)
 E - the +7 war axe of the Nine Knives {vamp, Int+2}
   (You found it on level 12 of the Dungeon)

   It inflicts no extra harm, but heals its wielder when it wounds a living foe.
   It affects your intelligence (+2).
Missiles
 J - 2 throwing nets (quivered)
Armour
 c - a +0 kite shield (worn)
 g - a +2 helmet (worn)
   (You took it off Robin on level 3 of the Dungeon)
 u - +0 storm dragon scales
   (You found it on level 5 of the Depths)
 y - a +2 pair of gloves (worn)
   (You found it on level 7 of the Dungeon)
 I - a +0 cloak (worn)
   (You found it on level 13 of the Dungeon)
 N - +0 gold dragon scales (worn)
   (You found it on level 4 of the Realm of Zot)
 O - a +1 plate armour of cold resistance
   (You found it on level 1 of the Depths)
 S - a +2 plate armour of poison resistance
   (You bought it in a shop on level 12 of the Dungeon)
 U - a +2 pair of boots of stealth (worn)
   (You found it in a Gauntlet)
Jewellery
 i - the amulet "Aquequfu" (around neck) {Reflect rF+ rN+ Dex+3 SH+5}
   (You found it on level 9 of the Dungeon)

   [amulet of reflection]

   It shields you and reflects attacks.
   It affects your dexterity (+3).
   It protects you from fire.
   It protects you from negative energy.
   It affects your SH (+5).
 j - a +4 ring of evasion (left hand)
   (You found it on level 4 of the Lair of Beasts)
 k - an uncursed ring of resist corrosion
   (You found it on level 3 of the Dungeon)
 m - an uncursed ring of protection from magic
   (You found it on level 10 of the Dungeon)
 o - an uncursed ring of poison resistance
   (You took it off a centaur on level 11 of the Dungeon)
 p - a +4 ring of protection (right hand)
   (You found it on level 4 of the Swamp)
Wands
 H - a wand of paralysis (19)
   (You found it on level 8 of the Dungeon)
 M - a wand of digging (11)
   (You found it on level 13 of the Dungeon)
 P - a wand of acid (10)
   (You found it on level 14 of the Dungeon)
Scrolls
 a - a scroll of brand weapon
 r - 11 scrolls of identify
 t - 7 scrolls of teleportation
 v - a scroll of silence
 x - 5 scrolls of remove curse
 z - a scroll of blinking
 G - 3 scrolls of summoning
 K - 2 scrolls of enchant weapon
 L - 2 scrolls of fog
Potions
 b - 6 potions of ambrosia
 d - 2 potions of might
 e - a potion of invisibility
 h - a potion of haste
 l - 5 potions of flight
 n - 2 potions of resistance
 q - 5 potions of curing
 w - 3 potions of heal wounds
 A - 5 potions of mutation
 B - 6 potions of lignification
 Q - 4 potions of magic
Miscellaneous
 C - a tin of tremorstones (3/3)
   (You found it on level 4 of the Depths)
 F - a condenser vane (2/2)
   (You found it on level 9 of the Dungeon)


   Skills:
 * Level 17.8 Fighting
 - Level 18.0 Axes
 + Level 15.4 Armour
 - Level 11.0 Dodging
 + Level 15.5 Shields
 - Level 15.0 Invocations
 - Level 10.0 Evocations


You had 18 spell levels left.
You didn't know any spells.
Your spell library was empty.

Dungeon Overview and Level Annotations

Branches:
Dungeon (15/15)            Temple (1/1) D:4            Lair (4/6) D:11
  Swamp (4/4) Lair:4       Spider (4/4) Lair:2          Orc (0/2) D:10
 Vaults (0/5) D:13         Depths (5/5) D:15            Zot (5/5) Depths:5
Ossuary (visited)          Bailey (visited)         Gauntlet (visited)

Altars:
Ashenzari
Dithmenos
Elyvilon
Gozag
Hepliaklqana
Kikubaaqudgha
Makhleb
Nemelex Xobeh
Okawaru
Ru
Sif Muna
Uskayaw
Vehumet
Xom
Yredelemnul
The Shining One

Shops:
D:9 (   D:10 !   D:12 }*   D:14 *

Portals:
Hell: Depths:4
Abyss: Depths:4 Depths:5
Pandemonium: Depths:1 Depths:3 Depths:4

Annotations:
D:6 1 exclusion
D:7 1 runed translucent door, catramo's ghost, amateur PaAK
D:9 exclusions: lava snake and 3 more exclusions
D:12 1 runed translucent door, Nosidet's ghost, journeyman GrEE
Swamp:1 1 transporter


Innate Abilities, Weirdness & Mutations

You are resistant to damage.
You can heal yourself by infusing magical energy.
You resist negative energy. (rN+)
You passively map a large area around you.
You do not regenerate.
You are clumsy. (Dex -2)
You are weak. (Str -2)
Your spells are a little easier to cast, but a little less powerful.


Message History

The bolt of lightning misses the orb of fire.
The Orb Guardian is engulfed in blazing flames.
The orb of fire glows bright magenta.
The bolt of fire misses you.
The bolt of fire hits the orb of fire.
The orb of fire completely resists.
The black draconian is engulfed in blazing flames.
The black draconian breathes lightning at you.
The bolt of lightning hits you!
* * * LOW HITPOINT WARNING * * *
The bolt of lightning hits the orb of fire.
The orb of fire completely resists.
You slash the orb of fire! You freeze the orb of fire.
The orb of fire is lightly damaged.
You hit the orb of fire but do no damage.
The Orb Guardian is engulfed in blazing flames. x2
The ancient lich is engulfed in blazing flames.
The ancient lich casts a spell at you.
The bolt of lightning hits the orb of fire.
The orb of fire completely resists.
The bolt of lightning hits you!!!
You die...

,,^,,,,,,,,,,,,,,,,,*,,,,,,,,,,,*
,,,,,,,,,,,,,,,,,,,,**,,,,,,,,,**
,,,,,^,,,,,,,,,,,,,,***,^,,,,,***
,,,,,,,,,,,,,,,,,,,,* ********* *
,,,,,,,,,,,,,,,,,,,** *
,,,,,,,,,,,,,,,,,***
,,,,,,,,,,,,,,****
^,,,,**▓▓▓▓▓▓▓▓▓▓▓#
,,,,,,,..§§§XLL*@*#** *
,,,,,,,..§§§DX##§§§§#* **
,,,,,,,....q..X###d§°#**********,
,,,,,,^.....§.,,**#§§§§§,,,,,,,,,
,^^,,,,.......,,* *#§°§°,,,,,,,,,
,,,,,,,.......,,* *....,,,,,,,,,
,,,,,,,.......,,* **.X.,,,,,,,,*
,,,,,,,.......,,* *,..,,,,,,,,*
,,,,,,,,,,,,,,,,* **,,,,,,,,,,,*


You could see 2 orbs of fire, a tentacled monstrosity, a green draconian knight,
2 ancient liches, a storm dragon, a black draconian (catching breath) and 2 Orb
Guardians.

Vanquished Creatures
  An ancient lich (Zot:5)
  A Killer Klown (Zot:2)
  2 curse toes
  3 golden dragons
  the Enchantress (Depths:4)
  2 electric golems (Zot:3)
  2 liches
  3 tentacled monstrosities
  9 Orb Guardians (Zot:5)
  Rupert (Lair:3)
  3 quicksilver dragons
  4 death cobs
  A tentacled starspawn (Abyss:5)
  2 thorn hunters (Swamp:4)
  8 storm dragons
  A frost giant (Depths:1)
  A fire giant (Depths:4)
  2 draconian monks
  5 ghost moths
  A draconian scorcher (Depths:5)
  A cacodemon (Depths:4)
  3 draconian knights (Zot:3)
  2 draconian shifters (Zot:3)
  An emperor scorpion (Spider:4)
  4 stone giants
  5 spriggan defenders (Depths:4)
  13 very ugly things
  5 entropy weavers
  3 green draconians
  A deep elf demonologist (Abyss:5)
  5 black draconians (Zot:3)
  3 yellow draconians
  A minotaur (Gauntlet)
  6 spark wasps
  4 white draconians
  6 purple draconians
  4 red draconians
  7 ettins
  A merfolk javelineer (Abyss:5)
  Josephine (D:12)
  3 fire dragons
  An ogre mage (D:13)
  2 great orbs of eyes
  4 ice dragons
  14 hydras
  A ghost crab (Swamp:4)
  3 rakshasas
  4 spriggan air magi
  A death knight (D:14)
  5 centaur warriors
  3 alligators (Swamp:4)
  A shambling mangrove (Swamp:4)
  4 two-headed ogres
  A satyr (Abyss:5)
  6 tengu warriors
  4 deep troll earth magi
  2 spriggan berserkers
  A thrashing horror (Abyss:5)
  3 hell hogs (Abyss:5)
  4 deep troll shamans
  8 death scarabs (Spider:4)
  2 orc high priests (Abyss:5)
  3 wretched stars
  A spectral emperor scorpion (Spider:4)
  A hell knight (D:15)
  3 iron trolls
  A spriggan druid (Swamp:4)
  2 wizards
  An orange crystal statue (Depths:4)
  8 deep trolls
  2 unseen horrors
  6 swamp dragons (Swamp:4)
  An orc knight (D:13)
  A phantasmal warrior (Abyss:5)
  A deep elf archer (D:13)
  4 spectral wolf spiders (Spider:4)
  9 orb spiders
  5 deep elf magi
  18 ugly things
  3 wolf spider zombies (Spider:4)
  3 cyclopes
  2 salamanders (Depths:5)
  17 wolf spiders
  9 moths of wrath
  An oklob plant (D:11)
  A worldbinder (Abyss:5)
  4 centaur zombies
  An apocalypse crab (Abyss:5)
  3 black mambas
  A storm dragon simulacrum (Abyss:5)
  A torpor snail (Spider:2)
  4 centaur skeletons
  7 cane toads
  4 kobold demonologists
  11 rime drakes
  5 spectral redbacks (Spider:4)
  2 efreet
  A tormentor (Depths:3)
  8 demonic crawlers
  6 komodo dragons
  5 starcursed masses (Abyss:5)
  5 yaktaurs (Depths:4)
  4 redback zombies
  2 red devils (Depths:4)
  A yaktaur (shapeshifter) (Abyss:5)
  3 ice devils
  2 ancient zymes
  A queen bee (D:14)
  2 trolls
  A troll (shapeshifter) (Gauntlet)
  16 jumping spiders
  4 tyrant leeches
  4 tengu conjurers
  6 meliai
  15 hornets
  6 spectral jumping spiders (Spider:4)
  3 bog bodies
  14 slime creatures
  A hippogriff (shapeshifter) (D:14)
  4 spectral tarantellas (Spider:4)
  8 hippogriffs
  A tarantella zombie (Spider:4)
  A water elemental (Abyss:3)
  46 redbacks
  20 yaks
  A vampire (D:15)
  8 spriggans
  15 wyverns
  5 wraiths (D:12)
  27 tarantellas
  A fire bat (shapeshifter) (Gauntlet)
  A basilisk (shapeshifter) (Gauntlet)
  3 basilisks (Lair:4)
  A chaos spawn (Abyss:3)
  Menkaure (D:7)
  5 swamp worms
  12 water moccasins
  5 porcupines
  A hell hound (Lair:4)
  A soldier ant (D:11)
  7 swamp drakes
  5 orc warriors
  4 ice beasts
  4 black bears
  3 sky beasts
  2 phantoms
  13 centaurs
  9 ogres
  10 wolves
  7 boggarts
  3 crocodiles (Lair:4)
  8 big kobolds
  11 bullfrogs
  A gnoll sergeant (D:9)
  2 small abominations (Abyss:3)
  A wyvern skeleton (D:14)
  7 scorpions
  20 killer bees
  8 wights
  2 vampire bats (Lair:3)
  6 howler monkeys
  5 electric eels (D:9)
  3 quasits
  A lava snake (D:9)
  4 jellies
  6 orc priests
  7 hounds
  2 bullfrog skeletons
  7 iguanas
  12 orc wizards
  10 worker ants
  A big kobold zombie (Ossuary)
  A hound zombie (D:11)
  2 hound skeletons
  8 mummies (Ossuary)
  A worker ant zombie (D:7)
  Robin (D:3)
  A howler monkey zombie (D:5)
  3 gnolls (D:9)
  13 adders
  2 shadow imps
  5 white imps
  3 ufetubi
  2 oozes
  2 adder skeletons (D:4)
  2 worms
  4 leopard geckos
  46 orcs
  3 ball pythons
  10 bats
  2 giant cockroaches
  2 gnoll zombies (Ossuary)
  3 hobgoblins
  2 jackals (D:6)
  28 kobolds
  3 quokkas
  11 goblins
  A hobgoblin zombie (Ossuary)
  3 kobold zombies (Ossuary)
  A leopard gecko skeleton (D:6)
  2 leopard gecko zombies
  An orc zombie (Ossuary)
  A quokka zombie (D:6)
  2 rats
  11 briar patches (Swamp:4)
  A lurking horror (Abyss:5)
1003 creatures vanquished.

Vanquished Creatures (collateral kills)
  A bullfrog (Lair:2)
1 creature vanquished.

Vanquished Creatures (others)
  A starcursed mass (Abyss:5)
  A green death (Abyss:5)
  An ogre mage (D:15)
  A large abomination (Abyss:5)
  An orc priest (D:13)
  An orc (D:9)
  A briar patch (Swamp:4)
  8 fungi
  101 plants
  2 starspawn tentacles (Abyss:5)
118 creatures vanquished.

Grand Total: 1122 creatures vanquished

Notes
Turn   | Place    | Note
-------+----------+-------------------------------------------
     0 | D:1      | Flugslaktarn the Deep Dwarf Fighter began the quest for the
                  | Orb.
     0 | D:1      | Reached XP level 1. HP: 20/20 MP: 1/1
   197 | D:3      | Noticed Robin
   202 | D:3      | Reached XP level 2. HP: 24/27 MP: 2/2
   219 | D:3      | Killed Robin
   298 | D:3      | Reached skill level 3 in Axes
   298 | D:3      | Reached XP level 3. HP: 28/34 MP: 3/3
   366 | D:3      | Found an opulent altar of Gozag.
   555 | D:5      | Entered Level 5 of the Dungeon
   638 | D:4      | Noticed a scorpion
   648 | D:4      | Killed a scorpion
   648 | D:4      | Reached XP level 4. HP: 34/42 MP: 3/3
   841 | D:4      | Noticed an ogre
   852 | D:4      | Killed an ogre
   852 | D:4      | Reached skill level 4 in Axes
   852 | D:4      | Reached XP level 5. HP: 30/50 MP: 4/4
   900 | D:4      | Found a staircase to the Ecumenical Temple.
   909 | D:4      | Found a sand-covered staircase.
   925 | Temple   | Entered the Ecumenical Temple
   942 | Temple   | Became a worshipper of Makhleb the Destroyer
   965 | Ossuary  | Entered an ossuary
  1004 | Ossuary  | Reached skill level 1 in Invocations
  1004 | Ossuary  | Reached XP level 6. HP: 27/57 MP: 5/5
  1216 | D:4      | Reached * piety under Makhleb
  1638 | D:5      | Reached skill level 5 in Axes
  1643 | D:5      | Reached XP level 7. HP: 55/66 MP: 7/7
  2073 | D:6      | Reached skill level 5 in Fighting
  2074 | D:6      | Reached skill level 5 in Shields
  2094 | D:6      | Reached skill level 5 in Armour
  2095 | D:6      | Reached skill level 6 in Axes
  2095 | D:6      | Reached XP level 8. HP: 43/74 MP: 9/9
  2171 | D:6      | Found a sacrificial altar of Ru.
  2578 | D:7      | Reached ** piety under Makhleb
  2621 | D:7      | Found a shattered altar of Ashenzari.
  2622 | D:7      | Found an iron altar of Okawaru.
  2889 | D:7      | Found a runed translucent door.
  2889 | D:7      | Noticed catramo's ghost (amateur PaAK)
  2953 | D:7      | Reached skill level 7 in Axes
  3081 | D:7      | Noticed Menkaure
  3089 | D:7      | Killed Menkaure
  3089 | D:7      | Gained mutation: You passively map the area around you.
                  | [Deep Dwarf growth]
  3089 | D:7      | Reached XP level 9. HP: 30/85 MP: 9/9
  3180 | D:7      | Found a shimmering altar of Xom.
  3200 | D:7      | Reached skill level 5 in Invocations
  3297 | D:8      | Reached skill level 8 in Axes
  3348 | D:8      | You fall into a shaft and drop 2 floors!
  3348 | D:10     | Entered Level 10 of the Dungeon
  3353 | D:10     | Found Fulaarec's Distillery.
  3463 | D:10     | Reached *** piety under Makhleb
  3515 | D:10     | Bought a potion of might for 60 gold pieces
  3515 | D:10     | Bought a potion of might for 60 gold pieces
  3515 | D:10     | Bought a potion of mutation for 120 gold pieces
  3515 | D:10     | Bought a potion of cancellation for 120 gold pieces
  3997 | D:10     | Found a staircase to the Orcish Mines.
  4154 | D:11     | Reached XP level 10. HP: 96/96 MP: 10/10
  4214 | D:11     | Noticed a cyclops
  4217 | D:11     | Noticed a cyclops
  4223 | D:11     | Killed a cyclops
  4223 | D:11     | Reached skill level 9 in Axes
  4242 | D:11     | Killed a cyclops
  4314 | D:11     | Paralysed by a hornet for 3 turns
  4334 | D:11     | Reached **** piety under Makhleb
  4377 | D:11     | Noticed an orange demon
  4426 | D:11     | Noticed an oklob plant
  4430 | D:11     | Found a staircase to the Lair.
  4604 | D:11     | Found a flagged portal.
  4609 | Bailey   | Entered a bailey
  4677 | D:11     | Killed an unseen horror
  4877 | D:11     | Noticed a red ugly thing
  4898 | D:11     | Killed a red ugly thing
  4898 | D:11     | Reached skill level 10 in Axes
  5318 | D:11     | Reached XP level 11. HP: 45/104 MP: 8/8
  5546 | D:9      | Got a brightly glowing amethyst amulet
  5630 | D:9      | Identified the amulet "Aquequfu" {Reflect rF+ rN+ Dex+3
                  | SH+5} (You found it on level 9 of the Dungeon)
  5736 | D:9      | Found Caajaap's Weapon Shoppe.
  5756 | D:9      | Bought a +5 vorpal war axe for 354 gold pieces
  5818 | D:9      | Reached ***** piety under Makhleb
  6798 | D:8      | Found a white marble altar of Elyvilon.
  6976 | D:8      | Reached skill level 1 in Evocations
  7017 | D:8      | Found a sparkling altar of Nemelex Xobeh.
  7017 | D:8      | Found an ancient bone altar of Kikubaaqudgha.
  7017 | D:8      | Found a glowing golden altar of the Shining One.
  7733 | D:12     | Noticed Josephine
  7750 | D:12     | Killed Josephine
  7754 | D:12     | Reached skill level 11 in Axes
  7836 | D:12     | Found a runed translucent door.
  7897 | D:12     | Found a hide-covered altar of Uskayaw.
  7965 | D:12     | Found Niuw's Serpentskin Sales.
  8025 | D:12     | Found Rurebugeme's Gadget Shoppe.
  8028 | D:12     | Noticed a two-headed ogre
  8040 | D:12     | Killed a two-headed ogre
  8064 | D:12     | Noticed a two-headed ogre
  8076 | D:12     | Killed a two-headed ogre
  8091 | D:12     | Noticed a two-headed ogre
  8105 | D:12     | Killed a two-headed ogre
  8168 | D:12     | Noticed Nosidet's ghost (journeyman GrEE)
  8168 | D:12     | Noticed a deep elf mage
  8302 | D:12     | Got a twisted war axe
  8304 | D:12     | Identified the +7 war axe of the Nine Knives {vamp, Int+2}
                  | (You found it on level 12 of the Dungeon)
  8361 | D:13     | Reached skill level 10 in Fighting
  8361 | D:13     | Reached XP level 12. HP: 116/116 MP: 10/10
  8481 | D:13     | Noticed an ogre mage
  8496 | D:13     | Noticed a two-headed ogre
  8504 | D:13     | Killed an ogre mage
  8509 | D:13     | Killed a two-headed ogre
  8514 | D:13     | Reached skill level 12 in Axes
  8528 | D:13     | Reached skill level 5 in Evocations
  8557 | D:13     | Found a gate to the Vaults.
  8600 | D:13     | Noticed a centaur warrior
  8604 | D:13     | Killed a centaur warrior
  9110 | D:13     | Reached ****** piety under Makhleb
  9420 | D:14     | Reached skill level 10 in Invocations
  9785 | D:14     | Found Qekk's Assorted Antiques.
  9793 | D:14     | Bought a grey potion for 25 gold pieces
  9793 | D:14     | Bought a scroll labeled OTOSTR LEKHEDI for 28 gold pieces
  9793 | D:14     | Bought a pink potion for 25 gold pieces
 10366 | D:14     | Noticed a death knight
 10384 | D:14     | Killed a death knight
 10384 | D:14     | Reached XP level 13. HP: 127/127 MP: 12/12
 10576 | D:15     | Entered Level 15 of the Dungeon
 10678 | D:15     | Reached skill level 13 in Axes
 10729 | D:15     | Noticed an ettin
 10746 | D:15     | Killed an ettin
 10774 | D:15     | Reached skill level 10 in Armour
 10775 | D:15     | Reached skill level 10 in Shields
 10824 | D:15     | Found a staircase to the Depths.
 11308 | D:12     | Bought a +2 plate armour of poison resistance for 481 gold
                  | pieces
 11393 | Lair:1   | Entered Level 1 of the Lair of Beasts
 11522 | Lair:2   | Found a hole to the Spider Nest.
 12620 | Lair:3   | Noticed Rupert
 12647 | Lair:3   | Killed Rupert
 12794 | Lair:3   | Reached skill level 1 in Dodging
 13101 | Lair:4   | Gained mutation: You resist negative energy. (rN+) [Deep
                  | Dwarf growth]
 13101 | Lair:4   | Reached XP level 14. HP: 138/138 MP: 13/13
 13103 | Lair:4   | Found a staircase to the Swamp.
 13133 | Lair:4   | Found a gate leading to a gauntlet.
 13142 | Gauntlet | Entered a Gauntlet
 13142 | Gauntlet | Found a transporter.
 13142 | Gauntlet | Found a transporter.
 13142 | Gauntlet | Found a runed translucent gate.
 13142 | Gauntlet | Found a runed translucent gate.
 13150 | Gauntlet | Found a transporter.
 13154 | Gauntlet | Found a transporter.
 13162 | Gauntlet | Found a transporter.
 13166 | Gauntlet | Found a transporter.
 13174 | Gauntlet | Found a transporter.
 13190 | Gauntlet | Found a transporter.
 13204 | Gauntlet | Found a transporter.
 13208 | Gauntlet | Found a transporter.
 13216 | Gauntlet | Found a transporter.
 13220 | Gauntlet | Found a transporter.
 13222 | Gauntlet | Found a runed translucent gate.
 13509 | Gauntlet | Reached skill level 14 in Axes
 13523 | Gauntlet | Identified Punwitz's Catalogue of Moulding
 13528 | Gauntlet | Identified the Almanac of Moulding and Calling
 14328 | Spider:1 | Entered Level 1 of the Spider Nest
 14370 | Spider:2 | Noticed an entropy weaver
 14389 | Spider:2 | Killed an entropy weaver
 14514 | Spider:2 | Noticed an entropy weaver
 14517 | Spider:2 | Noticed an entropy weaver
 14542 | Spider:2 | Killed an entropy weaver
 14704 | Spider:2 | Killed an entropy weaver
 14914 | Spider:3 | Killed a ghost moth
 15017 | Spider:4 | Entered Level 4 of the Spider Nest
 15018 | Spider:4 | Noticed an entropy weaver
 15034 | Spider:4 | Killed an entropy weaver
 15036 | Spider:4 | Reached XP level 15. HP: 141/146 MP: 15/15
 15153 | Spider:4 | Reached skill level 15 in Axes
 15314 | Spider:4 | Reached skill level 10 in Evocations
 15414 | Spider:4 | Killed a ghost moth
 15426 | Spider:4 | Reached skill level 5 in Dodging
 15589 | Spider:4 | Paralysed by a hornet for 2 turns
 15795 | Spider:4 | Got a gossamer rune of Zot
 15986 | Swamp:1  | Entered Level 1 of the Swamp
 16018 | Swamp:1  | Found a transporter.
 16134 | Swamp:4  | Entered Level 4 of the Swamp
 16134 | Swamp:4  | Noticed a thorn hunter
 16141 | Swamp:4  | Killed a thorn hunter
 16141 | Swamp:4  | Reached XP level 16. HP: 158/158 MP: 16/16
 16394 | Swamp:4  | Reached skill level 16 in Axes
 16423 | Swamp:4  | Noticed a thorn hunter
 16453 | Swamp:4  | Killed a thorn hunter
 16510 | Swamp:4  | Got a decaying rune of Zot
 16808 | Depths:1 | Entered Level 1 of the Depths
 17126 | Depths:1 | Noticed a lich
 17142 | Depths:1 | Killed a lich
 17176 | Depths:1 | Found a one-way gate leading to the halls of Pandemonium.
 17414 | Depths:2 | Reached XP level 17. HP: 168/168 MP: 16/16
 17553 | Depths:4 | Noticed the Enchantress
 17572 | Depths:4 | Reached skill level 17 in Axes
 17589 | Depths:4 | Killed the Enchantress
 17841 | Depths:4 | Paralysed by a great orb of eyes for 7 turns
 18022 | Depths:4 | Reached skill level 15 in Fighting
 18100 | Depths:4 | Found a gateway to Hell.
 18462 | Depths:4 | Found a one-way gate to the infinite horrors of the Abyss.
 18466 | Depths:4 | Voluntarily entered the Abyss.
 18757 | Abyss:5  | Entered Level 5 of the Abyss
 18783 | Abyss:5  | Found a shimmering blue altar of Sif Muna.
 18792 | Abyss:5  | Noticed a Tzitzimitl
 18808 | Abyss:5  | Noticed a bone dragon
 18843 | Abyss:5  | Gained mutation: You passively map a large area around you.
                  | [Deep Dwarf growth]
 18843 | Abyss:5  | Reached XP level 18. HP: 178/178 MP: 0/18
 18861 | Abyss:5  | Noticed a lich
 18883 | Abyss:5  | Killed a lich
 18883 | Abyss:5  | Reached skill level 15 in Invocations
 18940 | Abyss:5  | Paralysed by accursed screaming for 1 turns
 18944 | Abyss:5  | Reached skill level 18 in Axes
 18979 | Abyss:5  | Got an abyssal rune of Zot
 18990 | Depths:4 | Escaped the Abyss
 19063 | Depths:5 | Entered Level 5 of the Depths
 19302 | Depths:5 | Found a gate to the Realm of Zot.
 19360 | Zot:1    | Entered Level 1 of the Realm of Zot
 19575 | Zot:2    | Noticed a Killer Klown
 19643 | Zot:2    | Killed a Killer Klown
 19643 | Zot:2    | Reached skill level 10 in Dodging
 19685 | Zot:3    | Noticed a tentacled monstrosity
 19687 | Zot:3    | Noticed a golden dragon
 19687 | Zot:3    | Noticed a tentacled monstrosity
 19701 | Zot:3    | Killed a tentacled monstrosity
 19706 | Zot:3    | Killed a tentacled monstrosity
 19711 | Zot:3    | Killed a golden dragon
 19746 | Zot:3    | Noticed an electric golem
 19754 | Zot:3    | Reached XP level 19. HP: 185/190 MP: 19/19
 19767 | Zot:3    | Noticed a curse toe
 19776 | Zot:3    | Killed an electric golem
 19777 | Zot:3    | Noticed an electric golem
 19790 | Zot:3    | Killed a curse toe
 19853 | Zot:3    | Noticed a golden dragon
 19854 | Zot:3    | Killed an electric golem
 19873 | Zot:3    | Killed a golden dragon
 19912 | Zot:4    | Noticed a golden dragon
 19937 | Zot:4    | Killed a golden dragon
 20020 | Zot:4    | Reached skill level 15 in Shields
 20049 | Zot:5    | Entered Level 5 of the Realm of Zot
 20063 | Zot:5    | Noticed an electric golem
 20093 | Zot:5    | Reached skill level 15 in Armour
 20095 | Zot:5    | Noticed a curse toe
 20095 | Zot:5    | Noticed a Killer Klown
 20095 | Zot:5    | Noticed an electric golem
 20096 | Zot:5    | Noticed an orb of fire
 20100 | Zot:5    | Noticed a Killer Klown
 20109 | Zot:5    | Noticed a curse toe
 20134 | Zot:5    | Noticed an ancient lich
 20140 | Zot:5    | Killed a curse toe
 20140 | Zot:5    | Noticed a Killer Klown
 20147 | Zot:5    | Noticed an orb of fire
 20153 | Zot:5    | Noticed an ancient lich
 20160 | Zot:5    | Gained mutation: You are clumsy. (Dex -2) [an orb of fire]
 20162 | Zot:5    | Noticed an electric golem
 20163 | Zot:5    | Noticed an ancient lich
 20164 | Zot:5    | Noticed a Killer Klown
 20168 | Zot:5    | Killed an ancient lich
 20172 | Zot:5    | Gained mutation: You are weak. (Str -2) [an orb of fire]
 20174 | Zot:5    | Noticed an ancient lich
 20183 | Zot:5    | Gained mutation: Your spells are a little easier to cast,
                  | but a little less powerful. [an orb of fire]
 20185 | Zot:5    | Killed from afar by an ancient lich

Illustrated notes

Levels and vault maps discovered:
D:1:      lightli_arrival_farm, layout_loops_ring, grunt_decor_mini_mirrors,
          minmay_pentomino_x2
D:2:      layout_basic
D:3:      layout_basic, grunt_gozag_breadcrumbs, chequers_serial_rivers_micro_a,
          roderic_roman_lattice, fountainhead, uniq_jessica, uniq_robin,
          uniq_sigmund
D:4:      layout_cave_pods, minmay_temple_entry_statues,
          nicolae_ossuary_entry_monument
D:5:      layout_rooms, minmay_joined_circles
D:6:      layout_cave_pools, lemuel_round_altar, gup_sewer_entry_spiral
D:7:      layout_loops_cross, chequers_temple_overflow_statue_of_worship,
          lemuel_crystal_altar, ebering_ghost_inner_flame, kennysheep_boxes,
          uniq_menkaure
D:8:      layout_basic, lemuel_round_altar, minitemple
D:9:      layout_basic, serial_bayou, serial_bayou_lagoon_a,
          serial_bayou_ford_a, serial_bayou_shore_b, serial_bayou_shore_a,
          serial_bayou_shore_b, serial_shops, shop, nicolae_lava_and_water,
          fountainhead
D:10:     layout_gridville, orc_0_dummy, serial_shops, shop_coins
D:11:     layout_stronghold, dpeg_oklobed_lair, enter_bailey_3
D:12:     layout_roguey, ebering_ghost_inner_flame, basic_altar, serial_shops,
          shop, guppyfry_shop_venom, uniq_josephine
D:13:     layout_long_grid, hangedman_vaults_entry_quadrant_bands,
          grunt_decor_resistance
D:14:     layout_basic, minivault_24, serial_shops, shop,
          nicolae_looking_at_the_future
D:15:     hangedman_depths_entry_civil_slaughter, layout_long_grid,
          serial_bayou_pond_e
Temple:   dshaligram_water_room_temple
Lair:1:   wander_river, layout_hall_layers, st_stairs_4, grunt_megastairs_3,
          uniq_gastronok, uniq_urug
Lair:2:   layout_regular_city, dummy_spider_entry
Lair:3:   layout_layer_cave, roderic_batcave, beast_lair_carwin_10,
          lemuel_fruit_fields, lemuel_fruit_fields, uniq_rupert
Lair:4:   layout_roguey [special_room_mythical_zoo],
          minmay_swamp_entry_reptiles, gauntlet_entry_generic,
          minmay_lair_drake_nest
Swamp:1:  gammafunk_worm_tunnel, layout_basic_swamp, hangedman_swamp_lotus,
          swamp_pool4, st_swamp_ruins_2, uniq_nikola
Swamp:2:  layout_basic_swamp, basic_altar, hangedman_swamp_double_dragon
Swamp:3:  layout_falls_marsh, nicolae_swamp_very_dense_foliage,
          infiniplex_staircase_pool, uniq_bai_suzhen
Swamp:4:  swamp, layout_basic_swamp, swamp_pool3, lemuel_altar_in_water2
Spider:1: layout_spider_delve, uniq_agnes
Spider:2: layout_spider_delve, spiders_nest_hornet_nest
Spider:3: layout_chambers, nicolae_spider_cling_ruins, uniq_asterion
Spider:4: floodkiller_spider_rune_tomb
Depths:1: layout_cave_shapes, enter_ziggurat_b, lemuel_round_altar, hellmouth_1,
          pan_entry, kennysheep_windowed_goal, serial_bayou_shore_b,
          grunt_megastairs_4, uniq_sojobo
Depths:2: minmay_sliced_demisemicircle, layout_gridlike, abyss_entry,
          hell_entry, minmay_staircase_windowed_large
Depths:3: angbandy_vault, layout_cave_pools, dk_noncrumbling_3,
          pf_hell_entry_tar_spiral, pan_entry, drop_trap,
          kennysheep_nondecorative_pillar, infiniplex_staircase_zigzag_1
Depths:4: minmay_split_circle, layout_basic, minmay_parallelograms,
          rand_demon_pan_entry_9, abyss_entry_small_statue_room, hell_entry,
          hangedman_decor_peaks_small, minmay_misc_feat_room,
          minmay_protected_statue, uniq_enchantress
Depths:5: evilmike_zot_entry_argh, layout_basic, hangedman_decor_lopped,
          abyss_entry, hell_entry, serial_sigils_hangedman_carve
Zot:1:    layout_onion_interference
Zot:2:    layout_gridlike
Zot:3:    layout_onion_interference, grunt_ministairs_2
Zot:4:    layout_concentric_octagons
Zot:5:    layout_misc_corridors

Skill      XL: |  1  2  3  4  5  6  7  8  9 10 11 12 13 14 15 16 17 18 19 |
---------------+----------------------------------------------------------+-----
Fighting       | 3 4 5 6 7 8 10 11 12 13 14 15 16 17 | 17.8
Axes           | 3 4 5 6 7 8 10 11 12 13 14 15 16 17 18 | 18.0
Armour         | 4 5 6 7 8 9 10 11 12 13 14 15 | 15.4
Shields        | 4 5 6 7 8 9 10 11 12 13 14 15 | 15.5
Invocations    | 1 2 3 4 6 7 9 10 11 12 13 14 15 | 15.0
Evocations     | 4 6 8 9 10 | 10.0
Dodging        | 1 4 6 7 9 10 11 | 11.0

Action                   |  1- 3 |  4- 6 |  7- 9 | 10-12 | 13-15 | 16-18 | 19-21 || total
-------------------------+-------+-------+-------+-------+-------+-------+-------++-------
Melee: War axe           |    60 |   149 |   415 |   730 |  1264 |  1057 |   318 ||  3993
       Unarmed           |       |       |       |       |       |       |     5 ||     5
Invok: Lesser Servant of |       |       |       |       |     1 |       |       ||     1
 Abil: Heal Wounds       |     2 |     5 |    10 |    15 |     3 |    16 |     9 ||    60
Evoke: Wand              |       |       |       |     3 |     2 |     6 |       ||    11
       Condenser vane    |       |       |       |       |     4 |     7 |     1 ||    12
       Tin of tremorston |       |       |       |       |       |     2 |     1 ||     3
  Use: Scroll            |       |       |    14 |    17 |    10 |    12 |     3 ||    56
       Potion            |       |       |       |     1 |     2 |     2 |    10 ||    15
 Stab: Paralysed         |       |       |       |       |     8 |       |       ||     8
       Distracted        |       |       |       |       |     1 |       |       ||     1
       Invisible         |       |       |       |       |       |       |     1 ||     1
Armor: Scale mail        |    32 |    80 |   101 |       |       |       |       ||   213
       Chain mail        |       |       |   177 |   171 |    80 |       |       ||   428
       Plate armour      |       |       |       |   184 |   821 |   745 |       ||  1750
       Storm dragon scal |       |       |       |       |       |   127 |   201 ||   328
       Gold dragon scale |       |       |       |       |       |       |    52 ||    52
Dodge: Dodged            |    26 |    41 |   130 |   188 |   986 |   940 |   263 ||  2574
Block: Kite shield       |    36 |    89 |   272 |   554 |  1559 |  1235 |   373 ||  4118
       Reflection        |       |       |       |    21 |    12 |    44 |     2 ||    79

Table legend: (Time is in decaauts)
 A = Elapsed time spent in this place.
 B = Non-inter-level travel time spent in this place.
 C = Inter-level travel time spent in this place.
 D = Time resting spent in this place.
 E = Time spent auto-exploring this place.
 F = Levels seen in this place.
 G = Mean time per level.
                   A        B        C        D        E       F      G
               +--------+--------+--------+--------+--------+-----+--------+
         Total |  19916 |  17977 |   1939 |    446 |  11106 |  46 |  433.0 |
       Dungeon |  11530 |  10608 |    922 |      0 |   7780 |  15 |  768.7 |
        Temple |     26 |     18 |      8 |      0 |     12 |   1 |   26.0 |
          Lair |   2565 |   2354 |    211 |      0 |   1839 |   4 |  641.2 |
         Swamp |    619 |    481 |    138 |    100 |    121 |   4 |  154.8 |
   Spider Nest |   1555 |   1341 |    214 |    176 |    288 |   4 |  388.8 |
        Depths |   1899 |   1547 |    352 |    140 |    531 |   5 |  379.8 |
           Zot |    639 |    547 |     92 |     12 |     34 |   5 |  127.8 |
         Abyss |    472 |    472 |      0 |     15 |    201 |   5 |   94.4 |
       Ossuary |    199 |    199 |      0 |      0 |     93 |   1 |  199.0 |
        Bailey |     25 |     25 |      0 |      0 |      0 |   1 |   25.0 |
      Gauntlet |    381 |    381 |      0 |      3 |    204 |   1 |  381.0 |
               +--------+--------+--------+--------+--------+-----+--------+

Top non-repeatable levels by time:
    D:11: 1556 daAuts
     D:9: 1336 daAuts
    D:14: 1256 daAuts
    D:13: 1040 daAuts
Depths:4: 927 daAuts
     D:8: 925 daAuts
     D:4: 905 daAuts
Spider:4: 868 daAuts
  Lair:3: 852 daAuts
  Lair:4: 822 daAuts
    D:10: 806 daAuts
  Lair:2: 749 daAuts
    D:12: 730 daAuts
     D:7: 719 daAuts
    D:15: 667 daAuts
